 Dungeon Crawl Stone Soup version 0.25.1-11-g244df3a29b (webtiles) character file.

Game seed: 10650263802123809509

439126 DeepDeath the Spry (level 24, -14/191 HPs)
             Began as a Gnoll Gladiator on Feb 8, 2024.
             Was a High Priest of Okawaru.
             Shot with an arrow by a centaur warrior (16 damage)
             ... while paralysed by a floating eye
             ... on level 3 of the Depths on Feb 12, 2024.
             The game lasted 05:09:54 (63118 turns).

DeepDeath the Spry (Gnoll Gladiator)               Turns: 63118, Time: 05:09:54

Health: -14/191    AC: 24    Str: 27    XL:     24   Next: 7%
Magic:  33/42      EV:  2    Int: 12    God:    Okawaru [*****.]
Gold:   2627       SH:  0    Dex: 18    Spells: 10/53 levels left

rFire    + + .     SeeInvis .   w - +10 morningstar "Eos" {elec, Halo rElec}
rCold    + + +     Gourm    .   (no shield)
rNeg     + + .     Faith    .   I - +2 chain mail "Notwefuf" {rC++ Regen+ Stlth-}
rPois    +         Spirit   .   h - +2 hat "Puguen" {rF+ rN+ MR+}
rElec    +         Reflect  .   s - scarf {rC+ rF+}
rCorr    +         Harm     .   g - +2 pair of gloves {Str+3}
MR       ++++.                  G - +2 pair of boots {run}
Stlth    +.........             Q - amulet of Ducseb {+Inv rElec Regen+ Str-2}
HPRegen  1.21/turn              T - ring of the Worm {rPois rN+ MR+ EV+4}
MPRegen  0.28/turn              m - ring of Fragile Peace {MR+ rCorr}

@: paralysed, finesse, marked, infused, singing, very slightly contaminated,
glowing, studying Dodging, quick
A: distributed training, fangs 1, strong nose
}: 2/15 runes: decaying, serpentine
a: Heroism, Finesse, Renounce Religion, Evoke Invisibility


You were on level 3 of the Depths.
You worshipped Okawaru.
Okawaru was extremely pleased with you.
You were not hungry.

You visited 9 branches of the dungeon, and saw 42 of its levels.
You also visited: Sewer, Ossuary, Bailey and Ice Cave.

You collected 6252 gold pieces.
You spent 3625 gold pieces at shops.

Inventory:

Hand Weapons
 q - a +5 shortbow of flaming
 r - the +7 falchion "Vapu" {freeze, rPois Int+2 SInv}
   (You bought it in a shop on level 2 of the Depths)

   It has been specially enchanted to freeze those struck by it, causing extra
   injury to most foes and up to half again as much damage against particularly
   susceptible opponents.
   It can also slow down cold-blooded creatures.
   It affects your intelligence (+2).
   It protects you from poison.
   It lets you see invisible.
 v - a +4 vampiric battleaxe
 w - the +10 morningstar "Eos" (weapon) {elec, Halo rElec}
   (You found it on level 3 of the Elven Halls)

   Occasionally, upon striking a foe, it will discharge some electrical energy
   and cause terrible harm.
   It insulates you from electricity.
Missiles
 x - 557 arrows
 J - 21 javelins (quivered)
 Z - 12 curare-tipped darts
Armour
 g - a +2 pair of gloves of strength (worn)
 h - the +2 hat "Puguen" (worn) {rF+ rN+ MR+}
   (Okawaru gifted it to you on level 5 of the Lair of Beasts)

   It protects you from fire.
   It protects you from negative energy.
   It affects your resistance to hostile enchantments.
 s - a scarf of resistance (worn)
 G - a +2 pair of boots of running (worn)
 I - the +2 chain mail "Notwefuf" (worn) {rC++ Regen+ Stlth-}
   (You bought it in a shop on level 14 of the Dungeon)

   It greatly protects you from cold.
   It increases your rate of regeneration.
   It makes you less stealthy.
Jewellery
 m - the ring of Fragile Peace (right hand) {MR+ rCorr}
   (You bought it in a shop on level 4 of the Snake Pit)

   [ring of resist corrosion]

   It affects your resistance to hostile enchantments.
   It provides partial protection from all sources of acid and corrosion.
 Q - the amulet of Ducseb (around neck) {+Inv rElec Regen+ Str-2}
   (You acquired it on level 5 of the Lair of Beasts)

   [amulet of regeneration]

   It affects your strength (-2).
   It insulates you from electricity.
   It lets you turn invisible.
   It increases your rate of regeneration.
 T - the ring of the Worm (left hand) {rPois rN+ MR+ EV+4}
   (You took it off a deep elf annihilator on level 3 of the Elven Halls)

   [ring of evasion]

   It affects your evasion (+4).
   It protects you from poison.
   It protects you from negative energy.
   It affects your resistance to hostile enchantments.
 X - an uncursed ring of protection from fire
 Y - an uncursed ring of see invisible
Wands
 p - a wand of acid (32)
 C - a wand of clouds (10)
 E - a wand of iceblast (33)
 M - a wand of enslavement (19)
 S - a wand of digging (17)
 U - a wand of disintegration (39)
 V - a wand of paralysis (4)
Scrolls
 e - 4 scrolls of fear
 j - 6 scrolls of blinking
 l - 2 scrolls of fog
 t - a scroll of summoning
 u - 11 scrolls of remove curse
 y - 2 scrolls of silence
 B - a scroll of holy word
 H - 15 scrolls of teleportation
 K - 17 scrolls of identify
 L - 8 scrolls of magic mapping
Potions
 b - a potion of heal wounds
 c - 17 potions of curing
 o - 8 potions of stabbing
 A - a potion of might
 F - 4 potions of ambrosia
 N - 3 potions of haste
 O - a potion of magic
 P - 8 potions of flight
 R - 2 potions of resistance
 W - 2 potions of berserk rage
Books
 D - a manual of Dodging
Miscellaneous
 a - a phantom mirror
 i - a lightning rod (4/4)
 k - 3 boxes of beasts
 n - a phial of floods
Comestibles
 f - 51 rations


   Skills:
 + Level 15.8 Fighting
 + Level 15.2 Short Blades
 + Level 15.2 Long Blades
 + Level 15.2 Axes
 + Level 15.2 Maces & Flails
 + Level 15.2 Polearms
 + Level 16.3 Staves
 + Level 15.2 Slings
 + Level 15.2 Bows
 + Level 15.2 Crossbows
 + Level 15.8 Throwing
 + Level 15.2 Armour
 + Level 16.9 Dodging
 + Level 15.2 Stealth
 + Level 15.2 Shields
 + Level 15.2 Unarmed Combat
 + Level 15.2 Spellcasting
 + Level 13.1 Conjurations
 + Level 13.1 Hexes
 + Level 13.1 Charms
 + Level 13.1 Summonings
 + Level 13.1 Necromancy
 + Level 13.1 Translocations
 + Level 13.1 Transmutations
 + Level 13.1 Fire Magic
 + Level 13.1 Ice Magic
 + Level 13.1 Air Magic
 + Level 13.1 Earth Magic
 + Level 13.1 Poison Magic
 + Level 16.4 Invocations
 + Level 15.2 Evocations


You had 10 spell levels left.
You knew the following spells:

 Your Spells              Type           Power        Failure   Level  Hunger
a - Airstrike             Air            #####.....   1%          4    ###....
b - Blink                 Tloc           N/A          1%          2    None
c - Freezing Cloud        Conj/Ice/Air   #####.....   17%         6    ######.
g - Shroud of Golubria    Chrm/Tloc      #####.       1%          2    None
i - Infusion              Chrm           ####         1%          1    None
j - Portal Projectile     Hex/Tloc       #####.       1%          3    None
m - Summon Ice Beast      Ice/Summ       #####...     1%          4    ###....
n - Swiftness             Chrm/Air       #####...     1%          2    None
p - Mephitic Cloud        Conj/Pois/Air  #####...     1%          3    None
r - Frozen Ramparts       Ice            #####.       1%          3    None
s - Song of Slaying       Chrm           #####...     1%          2    None
t - Conjure Flame         Conj/Fire      #####...     1%          3    None
w - Spectral Weapon       Hex/Chrm       #####...     1%          3    None
x - Olgreb's Toxic Radia  Pois           #####...     1%          4    ###....
A - Apportation           Tloc           #####.       1%          1    None

Your spell library contained the following spells:

 Spells                   Type           Power        Failure   Level  Hunger
 Beastly Appendage        Tmut           #####.       1%          1    None
 Corona                   Hex            #####..      1%          1    None
 Foxfire                  Conj/Fire      ####         1%          1    None
 Freeze                   Ice            ####         1%          1    None
 Magic Dart               Conj           ####         1%          1    None
 Sandblast                Erth           #####.       1%          1    None
 Shock                    Conj/Air       ####         1%          1    None
 Summon Small Mammal      Summ           ####         1%          1    None
 Call Imp                 Summ           #####...     1%          2    None
 Passwall                 Tmut/Erth      #####...     1%          2    None
 Poisonous Vapours        Pois/Air       #####.       1%          2    None
 Slow                     Hex            #####...     1%          2    None
 Sticks to Snakes         Tmut           #####...     1%          2    None
 Call Canine Familiar     Summ           #####...     1%          3    None
 Dazzling Flash           Conj/Hex       #####.       1%          3    None
 Inner Flame              Hex/Fire       #####...     1%          3    None
 Lesser Beckoning         Tloc           #####.....   1%          3    None
 Ozocubu's Armour         Chrm/Ice       #####...     1%          3    None
 Spider Form              Tmut/Pois      #####.....   1%          3    None
 Static Discharge         Conj/Air       #####...     1%          3    None
 Stone Arrow              Conj/Erth      #####.       1%          3    None
 Summon Guardian Golem    Hex/Summ       #####...     1%          3    None
 Cause Fear               Hex            #####.....   1%          4    ###....
 Hailstorm                Conj/Ice       #####...     1%          4    ###....
 Ice Form                 Ice/Tmut       #####...     1%          4    ###....
 Leda's Liquefaction      Hex/Erth       #####.....   1%          4    ###....
 Petrify                  Tmut/Erth      #####...     1%          4    ###....
 Summon Lightning Spire   Summ/Air       #####...     1%          4    ###....
 Alistair's Intoxication  Tmut/Pois      #####...     3%          5    #####..
 Blade Hands              Tmut           #####.....   3%          5    #####..
 Fireball                 Conj/Fire      #####.....   3%          5    #####..
 Iskenderun's Battlesphe  Conj/Chrm      #####...     3%          5    #####..
 Lee's Rapid Deconstruct  Erth           #####.....   3%          5    #####..
 Lightning Bolt           Conj/Air       #####.....   3%          5    #####..
 Metabolic Englaciation   Hex/Ice        #####.....   3%          5    #####..
 Yara's Violent Unravell  Hex/Tmut       #####.....   3%          5    #####..
 Ozocubu's Refrigeration  Ice            #####.....   17%         6    ######.
 Simulacrum               Ice/Necr       #####.....   17%         6    ######.
 Dragon Form              Tmut           #####.....   67%         7    #######
 Ring of Flames           Chrm/Fire      #####.....   67%         7    #######
 Ignition                 Fire           #####.....   100%        8    #######
 Shatter                  Erth           #####.....   100%        9    #######
 Tornado                  Air            #####.....   100%        9    #######


Dungeon Overview and Level Annotations

Branches:
Dungeon (15/15)            Temple (1/1) D:7            Lair (6/6) D:11
  Swamp (4/4) Lair:2        Snake (4/4) Lair:3        Slime (0/5) Lair:6
    Orc (2/2) D:9             Elf (3/3) Orc:2        Vaults (4/5) D:14
  Crypt (0/3) Vaults:3     Depths (3/5) D:15          Sewer (visited)
Ossuary (visited)          Bailey (visited)           IceCv (visited)

Altars:
Ashenzari
Cheibriados
Dithmenos
Elyvilon
Fedhas
Gozag
Hepliaklqana
Kikubaaqudgha
Makhleb
Nemelex Xobeh
Okawaru
Qazlal
Ru
Sif Muna
Trog
Uskayaw
Vehumet
Wu Jian
Xom
Yredelemnul
Zin
The Shining One
Beogh

Shops:
D:14 *[[[   Orc:2 }?%*(   Elf:1 (   Snake:4 =   Vaults:1 :   Vaults:2 ?
Depths:2 **

Portals:
Hell: Depths:1 Depths:2
Abyss: Depths:2
Pandemonium: Depths:1

Annotations:
Elf:2 3 runed translucent doors
Vaults:1 3 runed translucent doors, Bailed's ghost, veteran MiMo; Bidatih's ghost, adept MiBe; abarbat's ghost, adept MiBe


Innate Abilities, Weirdness & Mutations

Your experience applies equally to all skills.
You have very sharp teeth.
Your uncanny sense of smell can sniff out nearby items.


Message History

The stone giant throws a large rock.
The large rock barely misses you.
The cyan ugly thing basks in the mutagenic energy from its kin and changes!
The spriggan berserker mumbles some strange prayers to Trog.
Unknown command.
You feel much better.
The yaktaur changes into a tarantella!
The green ugly thing basks in the mutagenic energy from its kin and changes!
The stone giant throws a large rock.
The large rock barely misses you.
The yaktaur captain shoots a bolt.
The bolt hits you!!
* * * LOW HITPOINT WARNING * * *
You hear a bellow!
The floating eye gazes piercingly through you!
You suddenly lose the ability to move!
An orc knight comes into view.
It is wielding a +0 great mace and wearing a +0 plate armour of magic resistance.
The spriggan air mage waves its arms in wide circles.
The air twists around and strikes you!!
* * * LOW HITPOINT WARNING * * *
The tarantella changes into a dream sheep!
The cyan ugly thing basks in the mutagenic energy from its kin and changes!
The centaur warrior shoots an arrow.
The arrow hits you!
You die...

..................
......<.<.(....p..
........GYT(..C...
........u..TcC..♣♣
....h..u..Dc....#
....i.u.u.uJ...##
.......h..iJ.k##
......$..i....# ∆
∆ .........Yi.i@#∆
.........i....#∆
...........#..#∆
.... #..# .#. ....
# ..... ..o♣. ....
.#


You could see 2 very ugly things, a fire giant, a fire dragon, a stone giant, a
death yak (summoned, berserk), a yaktaur captain, an orc knight, a spriggan
defender, 3 ugly things, 2 slime creatures, a spriggan rider, a wind drake
(repels missiles), a centaur warrior, 2 deep trolls, a spriggan berserker
(regenerating, resisting magic), 2 spriggan air magi, a polar bear (summoned,
berserk), a necromancer, a dream sheep shaped shifter and a floating eye.

Vanquished Creatures
  Mennas (Vaults:3)
  Sojobo (Depths:2)
  Vashnia (Snake:3)
  Bai Suzhen (Swamp:4)
  the Lernaean hydra (Swamp:4)
  Jory (Vaults:3)
  2 liches (Vaults:4)
  Rupert (Lair:5)
  2 tentacled monstrosities
  A quicksilver dragon (Depths:2)
  A titan (Depths:2)
  2 deep elf master archers (Elf:3)
  2 deep elf blademasters (Elf:3)
  5 tengu reavers
  3 thorn hunters
  2 storm dragons (Depths:2)
  10 nagarajas
  4 fire giants
  7 frost giants
  An orc warlord (Orc:2)
  Aizul (Snake:1)
  10 vault wardens
  3 deep elf sorcerers
  A deep elf elementalist (Elf:3)
  7 ironheart preservers
  2 entropy weavers
  A vampire knight (D:15)
  2 very ugly things (Depths:2)
  15 stone giants
  6 deep elf demonologists
  10 deep elf annihilators
  4 spark wasps
  6 ettins
  6 deep elf death magi
  A green death (Depths:1)
  Snorg (D:9)
  Josephine (D:10)
  5 great orbs of eyes
  4 fire dragons
  15 ogre magi
  An ice dragon (shapeshifter) (Depths:1)
  11 yaktaur captains
  2 deep elf high priests (Elf:3)
  6 ice dragons
  18 hydras
  12 naga warriors
  5 ghost crabs
  15 vault guards
  4 rakshasas
  A spriggan air mage (Depths:2)
  Fannar (Lair:2)
  A catoblepas (D:11)
  A shambling mangrove (Swamp:4)
  Erica (D:8)
  51 two-headed ogres
  An anaconda (shapeshifter) (Elf:2)
  10 centaur warriors
  4 deep troll earth magi (Depths:2)
  2 death knights
  13 alligators
  8 anacondas
  8 deep troll shamans
  The ghost of Twinkles the Spear-Bearer, a novice MfBe of Trog (D:8)
  5 tengu warriors
  2 orc high priests (Orc:2)
  16 dancing weapons
  6 death yaks (Lair:6)
  3 vampire magi
  17 deep elf knights
  5 hell knights
  21 naga sharpshooters
  Urug (D:11)
  8 shock serpents
  A sun demon (Depths:1)
  A soul eater (Vaults:3)
  3 fire crabs
  A salamander mystic (Snake:2)
  7 naga ritualists
  A large abomination (Elf:3)
  5 flayed ghosts
  11 skeletal warriors
  17 deep trolls
  2 iron trolls
  3 spriggan druids
  3 unseen horrors
  A gelid demonspawn (Depths:1)
  A glowing orange brain (Depths:1)
  4 wizards
  12 swamp dragons
  6 phantasmal warriors
  13 deep elf archers
  8 harpies (Vaults:3)
  16 ironbrand convokers
  3 necromancers
  16 orc knights
  55 deep elf magi
  2 wolf spiders
  7 orc sorcerers
  8 mana vipers
  2 manticores
  4 salamanders
  6 cyclopes
  2 cyclopes (shapeshifter)
  37 ugly things
  10 elephants
  2 moths of wrath (shapeshifter)
  23 naga magi
  5 guardian serpents
  3 molten gargoyles (Lair:6)
  7 vault sentinels
  42 black mambas
  3 ice statues (IceCv)
  A gargoyle (D:14)
  A guardian serpent (shapeshifter) (Elf:2)
  An orange demon (Depths:1)
  A torpor snail (shapeshifter) (D:15)
  5 rime drakes
  19 spiny frogs
  A kobold demonologist (D:14)
  4 freezing wraiths
  55 yaktaurs
  A yaktaur (shapeshifter) (Vaults:3)
  14 komodo dragons
  10 ice devils (IceCv)
  A red devil (Depths:1)
  3 meliai (D:14)
  A tengu conjurer (D:14)
  11 hornets
  10 tyrant leeches
  11 trolls
  2 hornets (shapeshifter)
  18 blink frogs
  6 hippogriffs
  2 dream sheep (D:9)
  A snapping turtle (shapeshifter) (D:14)
  18 bog bodies
  30 slime creatures
  3 shadows
  5 redbacks
  4 spriggans
  A vampire (D:10)
  3 air elementals
  4 water elementals
  53 yaks
  6 wyverns
  Eustachio (D:5)
  7 wraiths
  A human (shapeshifter) (D:15)
  2 fire elementals
  7 basilisks
  A basilisk (shapeshifter) (Vaults:3)
  A steam dragon (D:8)
  A chaos spawn (Depths:1)
  38 vampire mosquitoes
  10 swamp worms
  4 wargs
  6 insubstantial wisps (Swamp:2)
  11 water moccasins
  Edmund (D:5)
  3 hell hounds (Lair:6)
  65 nagas
  2 acid dragons
  3 floating eyes (Depths:2)
  16 porcupines
  39 orc warriors
  14 swamp drakes
  3 ice beasts
  4 black bears
  7 sky beasts
  2 necrophages
  3 phantoms
  6 boggarts
  A tengu (shapeshifter) (D:11)
  10 wolves (Lair:3)
  An eye of draining (D:15)
  40 ogres
  7 centaurs
  13 crocodiles
  2 earth elementals
  18 bullfrogs
  12 big kobolds
  A gnoll sergeant (D:11)
  2 wyvern skeletons
  A scorpion (D:11)
  14 killer bees
  13 wights
  4 bullfrog zombies
  2 electric eels (Lair:1)
  2 draconian simulacra (IceCv)
  7 howler monkeys
  5 lava snakes (Lair:6)
  5 quasits
  A wyvern simulacrum (D:15)
  5 centaur zombies
  10 crimson imps
  A jelly (D:9)
  3 bullfrog skeletons
  17 orc priests
  5 hounds
  8 centaur skeletons
  An iron imp (Depths:1)
  19 orc wizards
  4 iguanas
  Natasha (D:3)
  3 troll simulacra (IceCv)
  16 worker ants
  A killer bee zombie (D:8)
  3 centaur simulacra (IceCv)
  8 mummies (Ossuary)
  4 hound zombies
  A hound skeleton (D:10)
  A worker ant zombie (D:4)
  5 adders
  2 howler monkey skeletons (D:7)
  2 naga simulacra (IceCv)
  2 river rats (D:3)
  5 shadow imps
  A white imp (Depths:1)
  An ufetubus (Depths:1)
  2 oozes
  An adder zombie (D:9)
  2 adder skeletons
  3 worms
  2 dart slugs
  4 leopard geckos (D:4)
  106 orcs
  5 ball pythons
  A bat skeleton (D:2)
  10 giant cockroaches
  A gnoll zombie (Ossuary)
  14 goblins
  2 hobgoblins
  15 jackals
  41 kobolds
  3 quokkas
  8 bats
  3 frilled lizards
  A giant cockroach zombie (D:2)
  A hobgoblin zombie (Ossuary)
  4 kobold zombies (Ossuary)
  A leopard gecko skeleton (D:9)
  2 leopard gecko zombies
  2 orc zombies (Ossuary)
  A quokka zombie (D:8)
  7 rats
  A briar patch (Swamp:3)
  2 crawling corpses (Elf:3)
  A fungus (Sewer)
  4 plants
1868 creatures vanquished.

Vanquished Creatures (collateral kills)
  A fire giant (Depths:2)
  An orc high priest (Orc:2)
  An orc wizard (Orc:2)
3 creatures vanquished.

Vanquished Creatures (others)
  A vampire knight (Depths:1)
  A deep troll (Depths:2)
  A spiny frog (Swamp:4)
  An orc warrior (Orc:2)
  A boggart (Vaults:3)
  An orc priest (D:9)
  An orc (D:9)
  A briar patch (Swamp:3)
  2 bushes
  12 fungi
  23 plants
  11 spectral weapons
  3 withered plants (Vaults:1)
59 creatures vanquished.

Grand Total: 1930 creatures vanquished

Notes
Turn   | Place    | Note
-------+----------+-------------------------------------------
     0 | D:1      | DeepDeath the Gnoll Gladiator began the quest for the Orb.
     0 | D:1      | Reached XP level 1. HP: 20/20 MP: 1/1
   165 | D:1      | Reached XP level 2. HP: 24/26 MP: 2/2
  1305 | D:2      | Reached XP level 3. HP: 31/31 MP: 3/3
  1535 | D:3      | Found a glowing drain.
  1544 | D:3      | Reached skill level 1 in Invocations
  1564 | D:3      | Reached skill level 1 in Short Blades
  1564 | D:3      | Reached skill level 1 in Long Blades
  1564 | D:3      | Reached skill level 1 in Axes
  1564 | D:3      | Reached skill level 1 in Maces & Flails
  1564 | D:3      | Reached skill level 1 in Polearms
  1564 | D:3      | Reached skill level 1 in Slings
  1564 | D:3      | Reached skill level 1 in Bows
  1564 | D:3      | Reached skill level 1 in Crossbows
  1564 | D:3      | Reached skill level 1 in Armour
  1564 | D:3      | Reached skill level 1 in Stealth
  1564 | D:3      | Reached skill level 1 in Shields
  1564 | D:3      | Reached skill level 1 in Unarmed Combat
  1564 | D:3      | Reached skill level 1 in Spellcasting
  1564 | D:3      | Reached skill level 1 in Evocations
  1609 | D:3      | Found a faded altar of an unknown god.
  1622 | D:3      | Reached XP level 4. HP: 37/38 MP: 5/5
  1661 | Sewer    | Entered a sewer
  1786 | Sewer    | Noticed a big kobold
  1824 | Sewer    | Killed a big kobold
  1824 | Sewer    | Reached skill level 1 in Conjurations
  1824 | Sewer    | Reached skill level 1 in Hexes
  1824 | Sewer    | Reached skill level 1 in Charms
  1824 | Sewer    | Reached skill level 1 in Summonings
  1824 | Sewer    | Reached skill level 1 in Necromancy
  1824 | Sewer    | Reached skill level 1 in Translocations
  1824 | Sewer    | Reached skill level 1 in Transmutations
  1824 | Sewer    | Reached skill level 1 in Fire Magic
  1824 | Sewer    | Reached skill level 1 in Ice Magic
  1824 | Sewer    | Reached skill level 1 in Air Magic
  1824 | Sewer    | Reached skill level 1 in Earth Magic
  1824 | Sewer    | Reached skill level 1 in Poison Magic
  1824 | Sewer    | Reached XP level 5. HP: 31/43 MP: 5/7
  1967 | Sewer    | Noticed a big kobold
  1967 | Sewer    | Noticed a big kobold
  1971 | Sewer    | Killed a big kobold
  1977 | Sewer    | Killed a big kobold
  1977 | Sewer    | Reached XP level 6. HP: 44/50 MP: 8/8
  2052 | Sewer    | Reached skill level 5 in Fighting
  2052 | Sewer    | Reached skill level 5 in Throwing
  2621 | D:3      | Noticed Natasha
  2631 | D:3      | Killed Natasha
  2818 | D:4      | Noticed a phantom
  2858 | D:4      | Killed a phantom
  2858 | D:4      | Reached XP level 7. HP: 55/56 MP: 10/10
  3203 | D:4      | Found an ornate altar of the Wu Jian Council.
  3336 | D:4      | Identified the Disquisition on Displaced Fire
  3944 | D:5      | Entered Level 5 of the Dungeon
  3963 | D:5      | Found a sacrificial altar of Ru.
  4055 | D:5      | Reached XP level 8. HP: 63/63 MP: 12/12
  4163 | D:5      | Noticed Eustachio
  4200 | D:5      | Found a sand-covered staircase.
  4207 | Ossuary  | Entered an ossuary
  4672 | D:5      | Found a snail-covered altar of Cheibriados.
  4713 | D:5      | Killed Eustachio
  5094 | D:5      | Learned a level 1 spell: Infusion
  5097 | D:5      | Learned a level 2 spell: Shroud of Golubria
  5100 | D:5      | Learned a level 2 spell: Song of Slaying
  5112 | D:6      | Noticed Edmund
  5155 | D:5      | Killed Edmund
  5768 | D:6      | Found a burning altar of Makhleb.
  5771 | D:6      | Found a blossoming altar of Fedhas.
  5772 | D:6      | Found a white marble altar of Elyvilon.
  5783 | D:6      | Found a shattered altar of Ashenzari.
  5787 | D:6      | Found an opulent altar of Gozag.
  5821 | D:6      | Reached XP level 9. HP: 59/69 MP: 14/14
  6481 | D:7      | Found an ancient bone altar of Kikubaaqudgha.
  6501 | D:7      | Found a stormy altar of Qazlal.
  6531 | D:7      | Found a bloodstained altar of Trog.
  6614 | D:7      | Found a staircase to the Ecumenical Temple.
  6644 | Temple   | Entered the Ecumenical Temple
  6703 | Temple   | Became a worshipper of Warmaster Okawaru
  7515 | D:7      | Noticed a hornet
  7534 | D:7      | Killed a hornet
  7890 | D:8      | Found a runed translucent gate.
  7890 | D:8      | Found a runed translucent gate.
  7890 | D:8      | Found a runed translucent gate.
  7890 | D:8      | Noticed a yaktaur
  7892 | D:8      | Noticed Twinkles's ghost (novice MfBe)
  7963 | D:8      | Noticed Erica
  8034 | D:8      | Reached skill level 5 in Invocations
  8282 | D:8      | Reached * piety under Okawaru
  8288 | D:8      | Reached XP level 10. HP: 72/77 MP: 17/17
  8316 | D:8      | Noticed a two-headed ogre
  8362 | D:8      | Killed a two-headed ogre
  8362 | D:8      | Reached skill level 5 in Short Blades
  8362 | D:8      | Reached skill level 5 in Long Blades
  8362 | D:8      | Reached skill level 5 in Axes
  8362 | D:8      | Reached skill level 5 in Maces & Flails
  8362 | D:8      | Reached skill level 5 in Polearms
  8362 | D:8      | Reached skill level 5 in Slings
  8362 | D:8      | Reached skill level 5 in Bows
  8362 | D:8      | Reached skill level 5 in Crossbows
  8362 | D:8      | Reached skill level 5 in Armour
  8362 | D:8      | Reached skill level 5 in Stealth
  8362 | D:8      | Reached skill level 5 in Shields
  8362 | D:8      | Reached skill level 5 in Unarmed Combat
  8362 | D:8      | Reached skill level 5 in Spellcasting
  8362 | D:8      | Reached skill level 5 in Evocations
  8687 | D:8      | Killed Erica
  8687 | D:8      | Reached ** piety under Okawaru
  9425 | D:9      | Found a staircase to the Orcish Mines.
  9772 | D:9      | Got a faintly glowing great sword
  9898 | D:9      | Reached *** piety under Okawaru
  9991 | D:9      | Found a glowing golden altar of the Shining One.
 10040 | D:9      | Reached XP level 11. HP: 84/84 MP: 19/19
 10065 | D:9      | Received a gift from Okawaru
 10146 | D:9      | Noticed a three-headed hydra
 10162 | D:9      | Killed a three-headed hydra
 10305 | D:9      | Reached skill level 5 in Conjurations
 10305 | D:9      | Reached skill level 5 in Hexes
 10305 | D:9      | Reached skill level 5 in Charms
 10305 | D:9      | Reached skill level 5 in Summonings
 10305 | D:9      | Reached skill level 5 in Necromancy
 10305 | D:9      | Reached skill level 5 in Translocations
 10305 | D:9      | Reached skill level 5 in Transmutations
 10305 | D:9      | Reached skill level 5 in Fire Magic
 10305 | D:9      | Reached skill level 5 in Ice Magic
 10305 | D:9      | Reached skill level 5 in Air Magic
 10305 | D:9      | Reached skill level 5 in Earth Magic
 10305 | D:9      | Reached skill level 5 in Poison Magic
 10481 | D:9      | Found a basalt altar of Yredelemnul.
 10483 | D:9      | Noticed a profane servitor
 10499 | D:9      | Noticed an angel
 10557 | D:10     | Entered Level 10 of the Dungeon
 10815 | D:10     | Noticed a two-headed ogre
 10820 | D:10     | Noticed a two-headed ogre
 10867 | D:10     | Got an ichor-stained leather armour
 10970 | D:9      | Identified the +0 leather armour of the Will of the Gods
                  | {rElec} (You found it on level 10 of the Dungeon)
 11393 | D:10     | Noticed Josephine
 11462 | D:10     | Killed Josephine
 11462 | D:10     | Received a gift from Okawaru
 11485 | D:10     | Reached **** piety under Okawaru
 11608 | D:10     | Killed a two-headed ogre
 11608 | D:10     | Received a gift from Okawaru
 12023 | D:10     | Killed a two-headed ogre
 12159 | D:10     | Reached XP level 12. HP: 93/93 MP: 22/22
 13020 | D:11     | Learned a level 1 spell: Apportation
 13023 | D:11     | Learned a level 2 spell: Blink
 13027 | D:11     | Learned a level 3 spell: Conjure Flame
 13031 | D:11     | Learned a level 3 spell: Mephitic Cloud
 13035 | D:11     | Learned a level 3 spell: Portal Projectile
 13039 | D:11     | Learned a level 3 spell: Spectral Weapon
 13127 | D:11     | Noticed a centaur warrior
 13127 | D:11     | Noticed Urug
 13136 | D:11     | Killed Urug
 13138 | D:11     | Killed a centaur warrior
 13167 | D:11     | Noticed a catoblepas
 13191 | D:11     | Killed a catoblepas
 13191 | D:11     | Reached ***** piety under Okawaru
 13191 | D:11     | Received a gift from Okawaru
 13227 | D:11     | Received a gift from Okawaru
 13313 | D:11     | Identified a scroll of acquirement
 13313 | D:11     | Acquired a +1 lajatang of pain
 13343 | D:11     | Found a staircase to the Lair.
 13395 | D:11     | Noticed a two-headed ogre
 13407 | D:11     | Killed a two-headed ogre
 13515 | D:11     | Reached skill level 10 in Staves
 13515 | D:11     | Reached skill level 10 in Dodging
 13646 | D:11     | Received a gift from Okawaru
 13971 | Lair:1   | Entered Level 1 of the Lair of Beasts
 14307 | Lair:1   | Reached XP level 13. HP: 98/101 MP: 24/24
 15073 | Lair:1   | Received a gift from Okawaru
 15192 | Lair:2   | Noticed Fannar
 15322 | Lair:2   | Noticed Sonja
 15340 | Lair:2   | Noticed Sonja
 15340 | Lair:2   | Sonja changed into Sonja the crocodile
 15342 | Lair:2   | Killed Sonja the crocodile
 15529 | Lair:2   | Identified the Grimoire of Cloudy Poison
 15564 | Lair:2   | Found a staircase to the Swamp.
 15752 | Lair:2   | Identified the +3 great sword of the Land of Plenty {flame,
                  | +Fly Str+3 Int+6} (You found it on level 9 of the Dungeon)
 16186 | Lair:2   | Killed Fannar
 16533 | Lair:3   | Found a staircase to the Snake Pit.
 17374 | Lair:3   | Acquired the +0 hat of Free Expression {rF+ Str+3}
 18451 | Lair:4   | Learned a level 2 spell: Swiftness
 18504 | Lair:5   | Received a gift from Okawaru
 18658 | Lair:5   | Acquired the amulet of Ducseb {+Inv rElec Regen+ Str-2}
 19061 | Lair:5   | Received a gift from Okawaru
 19064 | Lair:5   | Got a bloodstained hat {god gift}
 19066 | Lair:5   | Identified the +2 hat "Puguen" {rF+ rN+ MR+} (Okawaru
                  | gifted it to you on level 5 of the Lair of Beasts)
 19218 | Lair:5   | Noticed Rupert
 19220 | Lair:5   | Paralysed by Rupert for 2 turns
 19241 | Lair:5   | Killed Rupert
 19241 | Lair:5   | Reached XP level 14. HP: 109/109 MP: 19/26
 19596 | Lair:5   | Reached skill level 10 in Fighting
 19596 | Lair:5   | Reached skill level 10 in Throwing
 20171 | D:8      | Killed Twinkles's ghost
 20278 | Orc:1    | Entered Level 1 of the Orcish Mines
 20278 | Orc:1    | Noticed Snorg
 20311 | D:9      | Killed Snorg
 20598 | Orc:1    | Found a radiant altar of Vehumet.
 20919 | Orc:2    | Entered Level 2 of the Orcish Mines
 21055 | Orc:2    | Found a staircase to the Elven Halls.
 21325 | Orc:2    | Found a roughly hewn altar of Beogh.
 21413 | Orc:2    | Noticed an orc warlord
 21434 | Orc:2    | Killed an orc warlord
 21533 | Orc:2    | Found Fozop's Gadget Emporium.
 21680 | Orc:2    | Found Oxyn's Magic Scroll Emporium.
 21698 | Orc:2    | Reached skill level 10 in Invocations
 21797 | Orc:2    | Found Sicier's General Store.
 21809 | Orc:2    | Bought a scroll of blinking for 120 gold pieces
 21809 | Orc:2    | Bought a scroll of enchant weapon for 120 gold pieces
 21811 | Orc:2    | Bought a scroll of blinking for 127 gold pieces
 21811 | Orc:2    | Found Totick's Weapon Boutique.
 21813 | Orc:2    | Found Reuloot's Food Emporium.
 22012 | Orc:2    | Learned a level 4 spell: Airstrike
 22341 | Lair:6   | Entered Level 6 of the Lair of Beasts
 22359 | Lair:6   | Received a gift from Okawaru
 22858 | Lair:6   | Reached XP level 15. HP: 87/117 MP: 24/28
 23176 | Lair:6   | Received a gift from Okawaru
 23294 | Lair:6   | Found a staircase to the Slime Pits.
 23770 | Lair:6   | Found a large runed translucent door.
 23880 | Lair:6   | Found a large runed translucent door.
 24852 | Orc:2    | Bought a scroll of fog for 32 gold pieces
 24883 | Orc:2    | Bought a wand of acid (4) for 256 gold pieces
 25280 | D:12     | Received a gift from Okawaru
 25467 | D:12     | Reached skill level 10 in Short Blades
 25467 | D:12     | Reached skill level 10 in Long Blades
 25467 | D:12     | Reached skill level 10 in Axes
 25467 | D:12     | Reached skill level 10 in Maces & Flails
 25467 | D:12     | Reached skill level 10 in Polearms
 25467 | D:12     | Reached skill level 10 in Slings
 25467 | D:12     | Reached skill level 10 in Bows
 25467 | D:12     | Reached skill level 10 in Crossbows
 25467 | D:12     | Reached skill level 10 in Armour
 25467 | D:12     | Reached skill level 10 in Stealth
 25467 | D:12     | Reached skill level 10 in Shields
 25467 | D:12     | Reached skill level 10 in Unarmed Combat
 25467 | D:12     | Reached skill level 10 in Spellcasting
 25467 | D:12     | Reached skill level 10 in Evocations
 25560 | D:12     | Found a shimmering blue altar of Sif Muna.
 25670 | D:12     | Identified the +1 hand axe of Vuqoecae {freeze, Str+7} (You
                  | found it on level 12 of the Dungeon)
 26382 | Orc:2    | Bought a scroll of identify for 34 gold pieces
 26382 | Orc:2    | Bought a scroll of identify for 34 gold pieces
 26382 | Orc:2    | Bought a scroll of remove curse for 51 gold pieces
 26384 | Orc:2    | Bought a scroll of summoning for 152 gold pieces
 26717 | D:13     | Found a flagged portal.
 26745 | Bailey   | Entered a bailey
 27813 | D:14     | Found Katoena's Armour Boutique.
 27937 | D:14     | Found a frozen archway.
 27957 | IceCv    | Entered an ice cave
 28399 | IceCv    | Got a pair of distressingly furry boots
 28495 | IceCv    | Identified the +0 pair of boots "Vakhix" {Int+3} (You found
                  | it in an ice cave)
 28643 | D:14     | Found Bext's Antique Armour Emporium.
 28723 | D:14     | Bought an encrusted chain mail for 351 gold pieces
 28725 | D:14     | Identified the +2 chain mail "Notwefuf" {rC++ Regen+
                  | Stlth-} (You bought it in a shop on level 14 of the
                  | Dungeon)
 28874 | D:14     | Reached XP level 16. HP: 125/125 MP: 30/30
 28886 | D:14     | Received a gift from Okawaru
 29390 | D:14     | Found a gate to the Vaults.
 29774 | D:14     | Found Ytomp's General Store.
 29779 | D:14     | Bought a potion of heal wounds for 90 gold pieces
 29801 | D:14     | Found Yqomaj's Armour Shoppe.
 30245 | Lair:2   | Learned a level 4 spell: Olgreb's Toxic Radiance
 30387 | D:15     | Entered Level 15 of the Dungeon
 30453 | D:15     | Found a shimmering altar of Xom.
 30668 | D:15     | Found a staircase to the Depths.
 30681 | D:15     | Received a gift from Okawaru
 30831 | D:15     | Identified Sif Muna's Volume of the Mountains and
                  | Transmigration
 31202 | D:15     | Found a shimmering blue altar of Sif Muna.
 31852 | Swamp:1  | Entered Level 1 of the Swamp
 31875 | Swamp:1  | Received a gift from Okawaru
 31988 | Swamp:2  | Received a gift from Okawaru
 33038 | Swamp:1  | Received a gift from Okawaru
 33259 | Swamp:2  | Reached XP level 17. HP: 116/133 MP: 32/32
 33497 | Swamp:2  | Received a gift from Okawaru
 34006 | Swamp:2  | Got a jewelled ring mail {god gift}
 34018 | Swamp:3  | Identified the +2 ring mail "Vech" {*Contam Harm *Slow
                  | SInv} (Okawaru gifted it to you on level 2 of the Swamp)
 35183 | Swamp:4  | Entered Level 4 of the Swamp
 35319 | Swamp:4  | Received a gift from Okawaru
 35854 | Swamp:4  | Noticed Bai Suzhen
 35878 | Swamp:4  | Killed Bai Suzhen
 36163 | Swamp:4  | Noticed the 27-headed Lernaean hydra
 36184 | Swamp:4  | Killed the 18-headed Lernaean hydra
 36184 | Swamp:4  | Reached skill level 10 in Conjurations
 36184 | Swamp:4  | Reached skill level 10 in Hexes
 36184 | Swamp:4  | Reached skill level 10 in Charms
 36184 | Swamp:4  | Reached skill level 10 in Summonings
 36184 | Swamp:4  | Reached skill level 10 in Necromancy
 36184 | Swamp:4  | Reached skill level 10 in Translocations
 36184 | Swamp:4  | Reached skill level 10 in Transmutations
 36184 | Swamp:4  | Reached skill level 10 in Fire Magic
 36184 | Swamp:4  | Reached skill level 10 in Ice Magic
 36184 | Swamp:4  | Reached skill level 10 in Air Magic
 36184 | Swamp:4  | Reached skill level 10 in Earth Magic
 36184 | Swamp:4  | Reached skill level 10 in Poison Magic
 36289 | Swamp:4  | Got a decaying rune of Zot
 36376 | Swamp:4  | Got an ichor-stained robe
 36378 | Swamp:4  | Identified the +1 robe of the Loofah {Harm Int+3} (You
                  | found it on level 4 of the Swamp)
 36545 | Snake:1  | Entered Level 1 of the Snake Pit
 36590 | Snake:1  | Reached XP level 18. HP: 41/141 MP: 29/33
 36761 | Snake:1  | Received a gift from Okawaru
 37156 | Snake:1  | Noticed Aizul
 37191 | Snake:1  | Killed Aizul
 39592 | Snake:3  | Received a gift from Okawaru
 39806 | Snake:3  | Noticed Vashnia
 39839 | Snake:3  | Killed Vashnia
 39839 | Snake:3  | Received a gift from Okawaru
 40330 | Snake:4  | Entered Level 4 of the Snake Pit
 40330 | Snake:4  | Found Dauh's Jewellery Shop.
 40359 | Snake:4  | Bought the ring of Fragile Peace {MR+ rCorr} for 456 gold
                  | pieces
 40553 | Snake:4  | Reached XP level 19. HP: 91/149 MP: 17/35
 40607 | Snake:4  | Received a gift from Okawaru
 41417 | Snake:4  | Bought the ring "Jiwara" {rN+ Slay+3} for 554 gold pieces
 41839 | Snake:4  | Received a gift from Okawaru
 42339 | Snake:4  | Got a serpentine rune of Zot
 42721 | Vaults:1 | Entered Level 1 of the Vaults
 42840 | Vaults:1 | Received a gift from Okawaru
 42983 | Vaults:1 | Reached ****** piety under Okawaru
 43210 | Vaults:1 | Received a gift from Okawaru
 43366 | Vaults:1 | Received a gift from Okawaru
 43472 | Vaults:1 | Received a gift from Okawaru
 43498 | Vaults:1 | Received a gift from Okawaru
 43830 | Vaults:1 | Reached XP level 20. HP: 136/157 MP: 16/36
 43886 | Vaults:1 | You fall into a shaft and drop 1 floor!
 44133 | Vaults:2 | Identified the cursed +0 glaive of Demand {vorpal, *Slow
                  | +Inv Int+4 Dex-3} (You found it on level 2 of the Vaults)
 44619 | Vaults:2 | You fall into a shaft and drop 2 floors!
 44744 | Vaults:4 | Received a gift from Okawaru
 44848 | Vaults:4 | Noticed a lich
 44854 | Vaults:4 | Killed a lich
 44922 | Vaults:4 | Received a gift from Okawaru
 45986 | Vaults:4 | Identified the +3 long sword "Hellblazer" {vorpal, Dex+6}
                  | (You found it on level 4 of the Vaults)
 46351 | Vaults:4 | Reached XP level 21. HP: 99/165 MP: 28/38
 46528 | Vaults:4 | Identified a +2 pair of boots of running (You found it on
                  | level 4 of the Vaults)
 46880 | Vaults:3 | Found a staircase to the Crypt.
 46883 | Vaults:3 | Received a gift from Okawaru
 47204 | Vaults:3 | Noticed Mennas
 47599 | Vaults:2 | Reached skill level 15 in Staves
 47599 | Vaults:2 | Reached skill level 15 in Dodging
 47612 | Vaults:2 | Received a gift from Okawaru
 47631 | Vaults:2 | Received a gift from Okawaru
 47883 | Vaults:2 | Reached skill level 15 in Invocations
 48127 | Vaults:2 | Found Wupne's Magic Scroll Emporium.
 48131 | Vaults:2 | Bought a scroll of identify for 32 gold pieces
 48396 | Vaults:2 | You fall into a shaft and drop 1 floor!
 48856 | Vaults:1 | Found Erast's Book Emporium.
 49374 | Vaults:1 | Found a runed translucent gate.
 49374 | Vaults:1 | Found a runed translucent gate.
 49374 | Vaults:1 | Found a runed translucent gate.
 49375 | Vaults:1 | Noticed abarbat's ghost (adept MiBe)
 49375 | Vaults:1 | Noticed Bidatih's ghost (adept MiBe)
 49375 | Vaults:1 | Noticed Bailed's ghost (veteran MiMo)
 49512 | Vaults:1 | Learned a level 4 spell: Summon Ice Beast
 49572 | Vaults:2 | Bought a scroll of magic mapping for 56 gold pieces
 49572 | Vaults:2 | Bought a scroll of holy word for 120 gold pieces
 49572 | Vaults:2 | Bought a scroll of silence for 120 gold pieces
 49724 | Vaults:3 | Noticed Jory
 49754 | Vaults:3 | Killed Jory
 50519 | Vaults:3 | Killed Mennas
 50519 | Vaults:3 | Reached XP level 22. HP: 86/173 MP: 32/40
 51255 | Orc:2    | Bought a scroll of identify for 32 gold pieces
 51255 | Orc:2    | Bought a scroll of identify for 32 gold pieces
 51255 | Orc:2    | Bought a scroll of identify for 32 gold pieces
 51262 | Orc:2    | Learned a level 6 spell: Freezing Cloud
 51262 | Orc:2    | Bought a scroll of magic mapping for 56 gold pieces
 51262 | Orc:2    | Bought a scroll of magic mapping for 56 gold pieces
 51314 | Elf:1    | Entered Level 1 of the Elven Halls
 51444 | Elf:1    | Found Kiejob's Antique Weapon Emporium.
 51905 | Elf:1    | Identified the Collected Works on Conjuration
 52274 | Elf:2    | Found a runed translucent gate.
 52274 | Elf:2    | Found a runed translucent gate.
 52274 | Elf:2    | Found a runed translucent gate.
 52518 | Elf:2    | Received a gift from Okawaru
 52859 | Elf:2    | Received a gift from Okawaru
 53720 | Elf:3    | Entered Level 3 of the Elven Halls
 55146 | Elf:3    | Reached skill level 15 in Fighting
 55146 | Elf:3    | Reached skill level 15 in Throwing
 55493 | Elf:3    | Found the +10 morningstar "Eos" {elec, Halo rElec}
 55532 | Elf:3    | Received a gift from Okawaru
 55697 | Elf:3    | Identified the ring of the Worm {rPois rN+ MR+ EV+4}
 55706 | Elf:3    | Identified the amulet "Fomp" {Spirit rF+ Int+3 Stlth+}
 55707 | Elf:3    | Identified the ring "Ihuc" {*Slow Int+8 SInv Stlth+}
 57714 | Vaults:1 | Learned a level 3 spell: Frozen Ramparts
 57825 | Depths:1 | Entered Level 1 of the Depths
 58084 | D:15     | Received a gift from Okawaru
 58278 | D:15     | Reached XP level 23. HP: 43/181 MP: 0/41
 58460 | Depths:1 | Received a gift from Okawaru
 58936 | Depths:1 | Found a one-way gate leading to the halls of Pandemonium.
 58998 | Depths:1 | Found a gateway to Hell.
 59244 | Depths:1 | Identified the cursed +0 ring mail "Tyulain" {rC++ MP-9
                  | Slay+5 Stlth+}
 59714 | Depths:1 | Received a gift from Okawaru
 60623 | Depths:2 | Noticed Sojobo
 60631 | Depths:2 | Received a gift from Okawaru
 60647 | Depths:2 | Killed Sojobo
 60660 | Depths:2 | Reached skill level 15 in Short Blades
 60660 | Depths:2 | Reached skill level 15 in Long Blades
 60660 | Depths:2 | Reached skill level 15 in Axes
 60660 | Depths:2 | Reached skill level 15 in Maces & Flails
 60660 | Depths:2 | Reached skill level 15 in Polearms
 60660 | Depths:2 | Reached skill level 15 in Slings
 60660 | Depths:2 | Reached skill level 15 in Bows
 60660 | Depths:2 | Reached skill level 15 in Crossbows
 60660 | Depths:2 | Reached skill level 15 in Armour
 60660 | Depths:2 | Reached skill level 15 in Stealth
 60660 | Depths:2 | Reached skill level 15 in Shields
 60660 | Depths:2 | Reached skill level 15 in Unarmed Combat
 60660 | Depths:2 | Reached skill level 15 in Spellcasting
 60660 | Depths:2 | Reached skill level 15 in Evocations
 60670 | Depths:2 | Got an ancient granite ring
 60824 | Depths:2 | Identified the ring of Xueplet {rPois Int+3} (You found it
                  | on level 2 of the Depths)
 60872 | Depths:2 | Got a warped wooden ring
 60875 | Depths:2 | Identified the ring "Ehueteamm" {Ice *Drain Str+2 Int+8}
                  | (You found it on level 2 of the Depths)
 61002 | Depths:2 | Paralysed by a floating eye for 3 turns
 61015 | Depths:2 | Received a gift from Okawaru
 61563 | Depths:2 | Got a smoking brass ring
 61564 | Depths:2 | Identified the ring of the Death Scarab {Wiz Int+6} (You
                  | found it on level 2 of the Depths)
 61601 | Depths:2 | Received a gift from Okawaru
 61717 | Depths:2 | Found Zeopolut's Assorted Antiques.
 61740 | Depths:2 | Bought a transparent falchion for 264 gold pieces
 61741 | Depths:2 | Identified the +7 falchion "Vapu" {freeze, rPois Int+2
                  | SInv} (You bought it in a shop on level 2 of the Depths)
 61776 | Depths:2 | Received a gift from Okawaru
 61907 | Depths:2 | Found a one-way gate to the infinite horrors of the Abyss.
 62064 | Depths:2 | Found Juakudgh's General Store.
 62077 | Depths:2 | Reached XP level 24. HP: 190/190 MP: 42/42
 62360 | D:14     | Bought a scarf of resistance for 448 gold pieces
 63111 | Depths:3 | Paralysed by a floating eye for 3 turns
 63116 | Depths:3 | Paralysed by a floating eye for 4 turns
 63117 | Depths:3 | HP: 1/191 [spriggan air mage/the air[a spriggan defender]
                  | (20)]
 63118 | Depths:3 | Shot with an arrow by a centaur warrior

Illustrated notes

Levels and vault maps discovered:
D:1:      elethiomel_arrival_maze, layout_basic, hangedman_decor_clover_reticule
D:2:      layout_basic, serial_undead, serial_undead_a, serial_undead_f,
          serial_undead_c, serial_undead_b
D:3:      layout_basic, portal_sewer_entry_a, first_ration,
          chequers_ecumenical_altar_island, chequers_serial_rivers_micro_b,
          minmay_misc_feat_secret_circle, hangedman_decor_points, uniq_natasha
D:4:      layout_basic, kennysheep_mini
D:5:      layout_rooms, nicolae_ru_sacrificial_ziggurat, cheibriados_altar_1,
          chequers_ossuary_entry_cave, uniq_eustachio
D:6:      layout_loops_ring, minmay_overflow_temple_star_hex, uniq_edmund
D:7:      layout_layer_cave, kiku_gazebo_pond_becter,
          nicolae_overflow_crystal_walls, lightli_temple_of_fire,
          minmay_temple_entry_mist, nicolae_lava_and_water
D:8:      layout_cave_pools, gammafunk_ghost_split, uniq_erica
D:9:      kennysheep_ambush_hall, layout_irregular_city,
          grunt_temple_overflow_holy_war, hiddenorc1_lemuel, hangedman_ranch
          [blue_anna_fruit_fields]
D:10:     layout_gridville, minmay_misc_feat_doors, minmay_between,
          uniq_josephine
D:11:     layout_roguey, lair_entry_dummy, minmay_pinched_square, uniq_urug
D:12:     layout_basic, basic_altar
D:13:     layout_loops_ring, enter_bailey_3
D:14:     layout_loops_corners, grunt_vaults_entry_fortified, serial_shops,
          nicolae_shop_crystal, nicolae_shop_trees, shop, kennysheep_little_box,
          portal_ice_cave_rime, minmay_misc_feat_four_crosses
D:15:     grunt_enter_depths_snipers, layout_gridville, basic_altar,
          lemuel_blue_sif_altar
Temple:   jpeg_temple_island
Lair:1:   layout_gridlike, grunt_forest_small_clearings
Lair:2:   layout_chaotic_city, skrybe_swamp_entry_bodies, lemuel_fruit_tree,
          uniq_sonja, uniq_fannar
Lair:3:   layout_regular_city, minmay_snake_entry_guardpost_small,
          grunt_megastairs_5, lemuel_fruit_fields, lemuel_fruit_fields
Lair:4:   layout_cave_pods, grunt_megastairs_2
Lair:5:   layout_cave_pods, beast_lair_carwin_1, uniq_rupert
Lair:6:   cheibrodos_lair_end_hotspot, layout_gridlike, dpeg_slime_entry_corner,
          nicolae_quartered_pool_medium
Swamp:1:  layout_basic_swamp, evilmike_swamp_ruin_house_6,
          infiniplex_staircase_pool
Swamp:2:  layout_falls_marsh, evilmike_swamp_ruin_house_1
Swamp:3:  layout_basic_swamp, evilmike_swamp_ruin_rubble_1, swamp_pool1
Swamp:4:  grunt_swamp_rune_castle, layout_basic_swamp, swamp_pool2,
          uniq_bai_suzhen
Snake:1:  layout_onion_interference, grunt_ministairs_10, uniq_aizul
Snake:2:  layout_layer_cave
Snake:3:  layout_rooms, st_stairs_8, uniq_vashnia
Snake:4:  minmay_snake_end_coiled, layout_misc_corridors, serial_shops, shop,
          serial_bayou_pond_e
Orc:1:    layout_caves, basic_altar, uniq_snorg
Orc:2:    st_orc_elflike, layout_diamond_mine, serial_shops, shop, mines1_david
Elf:1:    eino_elf_arrival_customs, layout_geoelf_octagon, serial_shops, shop,
          minmay_elf_annihilation, uniq_louise
Elf:2:    layout_loops_corners, minmay_misc_feat_five
Elf:3:    elf_hall_gauntlet_wide, layout_onion_city
Vaults:1: gammafunk_vaults_ghost_cemetery, v_misc_33, vaults_room_hallway,
          v_misc_5, ontoclasm_vaults_bender, v_misc_27, vaults_room_corners,
          vaults_room_grid, ontoclasm_vaults_ligature, layout_vaults_omnigrid,
          serial_shops, nicolae_shop_waterfront
Vaults:2: vaults_dpeg_hooks, hangedman_vaults_pinch, v_misc_17,
          hangedman_vaults_maws, nicolae_vaults_theta, vaults_room_door_hall,
          hangedman_vaults_cutoff, st_cells, v_misc_2, ontoclasm_vaults_idyll,
          layout_vaults_omnicross, serial_shops, shop_fountains
Vaults:3: nicolae_vaults_puzzle_piece, minmay_crypt_entry_simple_round,
          nicolae_vaults_stairing_the_circle, nicolae_vaults_little_squares_1,
          v_misc_10, v_misc_27, nicolae_vaults_network_star,
          hangedman_vaults_corner_blocks, vaults_room_pool,
          nicolae_vaults_theta, vaults_room_pool, layout_vaults_ring,
          uniq_mennas, uniq_jory
Vaults:4: hangedman_vaults_stitches, nicolae_vaults_network_periphery,
          nicolae_vaults_know_your_exits, v_rooms_1, grunt_vaults_hallway_short,
          v_pattern_4, ontoclasm_vaults_eye, v_misc_16, v_misc_19,
          vaults_room_pools, v_misc_1, layout_vaults_maze_bifur
Depths:1: layout_gridlike, grunt_pan_entry_spiral, hangedman_decor_slide_cut,
          hell_entry, minmay_misc_feat_pillars, serial_bayou_pond_a,
          minmay_misc_feat_diagonals, evilmike_ambush
          [evilmike_ambush_outer_pillars, evilmike_ambush_inner_wall_2]
Depths:2: hangedman_spin_cycle, hell_entry, abyss_entry
Depths:3: cheibrodos_witchhunters_guild, layout_cave_pools, pan_entry,
          grunt_mini_vestibule, infiniplex_staircase_spiral, uniq_xtahua

Skill      XL: |  1  2  3  4  5  6  7  8  9 10 11 12 13 14 15 16 17 18 19 20 21 22 23 |
---------------+----------------------------------------------------------------------+-----
Invocations    | 1 2 3 4 5 6 7 8 9 10 11 12 13 14 15 16 | 16.4
Short Blades   | 1 2 3 4 5 6 7 8 9 10 11 12 13 14 15 | 15.2
Long Blades    | 1 2 3 4 5 6 7 8 9 10 11 12 13 14 15 | 15.2
Axes           | 1 2 3 4 5 6 7 8 9 10 11 12 13 14 15 | 15.2
Maces & Flails | 1 2 3 4 5 6 7 8 9 10 11 12 13 14 15 | 15.2
Polearms       | 1 2 3 4 5 6 7 8 9 10 11 12 13 14 15 | 15.2
Slings         | 1 2 3 4 5 6 7 8 9 10 11 12 13 14 15 | 15.2
Bows           | 1 2 3 4 5 6 7 8 9 10 11 12 13 14 15 | 15.2
Crossbows      | 1 2 3 4 5 6 7 8 9 10 11 12 13 14 15 | 15.2
Armour         | 1 2 3 4 5 6 7 8 9 10 11 12 13 14 15 | 15.2
Stealth        | 1 2 3 4 5 6 7 8 9 10 11 12 13 14 15 | 15.2
Shields        | 1 2 3 4 5 6 7 8 9 10 11 12 13 14 15 | 15.2
Unarmed Combat | 1 2 3 4 5 6 7 8 9 10 11 12 13 14 15 | 15.2
Spellcasting   | 1 2 3 4 5 6 7 8 9 10 11 12 13 14 15 | 15.2
Evocations     | 1 2 3 4 5 6 7 8 9 10 11 12 13 14 15 | 15.2
Conjurations   | 1 2 3 4 5 6 7 8 9 10 11 12 13 | 13.1
Hexes          | 1 2 3 4 5 6 7 8 9 10 11 12 13 | 13.1
Charms         | 1 2 3 4 5 6 7 8 9 10 11 12 13 | 13.1
Summonings     | 1 2 3 4 5 6 7 8 9 10 11 12 13 | 13.1
Necromancy     | 1 2 3 4 5 6 7 8 9 10 11 12 13 | 13.1
Translocations | 1 2 3 4 5 6 7 8 9 10 11 12 13 | 13.1
Transmutations | 1 2 3 4 5 6 7 8 9 10 11 12 13 | 13.1
Fire Magic     | 1 2 3 4 5 6 7 8 9 10 11 12 13 | 13.1
Ice Magic      | 1 2 3 4 5 6 7 8 9 10 11 12 13 | 13.1
Air Magic      | 1 2 3 4 5 6 7 8 9 10 11 12 13 | 13.1
Earth Magic    | 1 2 3 4 5 6 7 8 9 10 11 12 13 | 13.1
Poison Magic   | 1 2 3 4 5 6 7 8 9 10 11 12 13 | 13.1
Fighting       | 5 6 7 8 9 10 11 12 13 14 15 | 15.8
Throwing       | 5 6 7 8 9 10 11 12 13 14 15 | 15.8
Staves         | 7 8 9 10 11 12 13 14 15 16 | 16.3
Dodging        | 7 8 9 10 11 12 13 14 15 16 | 16.9

Action                   |  1- 3 |  4- 6 |  7- 9 | 10-12 | 13-15 | 16-18 | 19-21 | 22-24 || total
-------------------------+-------+-------+-------+-------+-------+-------+-------+-------++-------
Melee: Quarterstaff      |    84 |   171 |   337 |   346 |   110 |       |       |       ||  1048
       Bite              |     9 |    24 |    59 |    66 |   183 |   211 |   223 |   192 ||   967
       Scimitar          |       |       |       |   165 |   158 |   200 |    10 |       ||   533
       Punch             |       |       |       |    13 |    21 |    27 |    36 |    18 ||   115
       Lajatang          |       |       |       |       |   951 |  1054 |   931 |   701 ||  3637
       War axe           |       |       |       |       |    36 |   164 |   345 |   157 ||   702
       Eudemon blade     |       |       |       |       |       |       |       |    21 ||    21
       Battleaxe         |       |       |       |       |       |       |       |    80 ||    80
       Morningstar       |       |       |       |       |       |       |       |    24 ||    24
 Fire: Hand crossbow     |       |     5 |   181 |   318 |   495 |   560 |    42 |       ||  1601
       Fustibalus        |       |       |       |       |       |       |   527 |   138 ||   665
       Shortbow          |       |       |       |       |       |       |       |   320 ||   320
Throw: Throwing net      |       |     2 |     2 |     1 |       |       |       |       ||     5
       Dart              |       |       |    25 |    12 |     6 |       |     1 |       ||    44
       Javelin           |       |       |       |       |       |       |     2 |     1 ||     3
 Cast: Infusion          |       |       |       |     2 |     8 |    18 |    18 |    22 ||    68
       Shroud of Golubri |       |       |       |     2 |    20 |    35 |    40 |    27 ||   124
       Song of Slaying   |       |       |       |       |     6 |    13 |    17 |    22 ||    58
       Mephitic Cloud    |       |       |       |       |     5 |     3 |     5 |     7 ||    20
       Olgreb's Toxic Ra |       |       |       |       |       |     2 |       |     4 ||     6
       Spectral Weapon   |       |       |       |       |       |     1 |    26 |    22 ||    49
       Portal Projectile |       |       |       |       |       |       |       |     4 ||     4
       Summon Ice Beast  |       |       |       |       |       |       |       |     1 ||     1
Invok: Heroism           |       |       |       |    32 |    42 |    36 |     4 |     2 ||   116
       Finesse           |       |       |       |       |     8 |     6 |     9 |     9 ||    32
 Abil: Evoke Invisibilit |       |       |       |       |     9 |     2 |     2 |     1 ||    14
Evoke: Wand              |       |       |       |     2 |     4 |     8 |     4 |     7 ||    25
       Lightning rod     |       |       |       |       |     8 |     1 |       |       ||     9
       Box of beasts     |       |       |       |       |       |     1 |       |     1 ||     2
  Use: Scroll            |     5 |     6 |     9 |    14 |    23 |    14 |     8 |    10 ||    89
       Potion            |     1 |       |     6 |    11 |     4 |    11 |    12 |     6 ||    51
 Stab: Sleeping          |     1 |     4 |     5 |     3 |     5 |       |     1 |     1 ||    20
       Held in net/web   |       |     1 |       |     1 |       |       |       |       ||     2
       Invisible         |       |       |     4 |     1 |    54 |    17 |     5 |    20 ||   101
       Distracted        |       |       |       |     1 |       |       |     6 |     5 ||    12
       Paralysed         |       |       |       |     3 |     1 |       |       |       ||     4
       Confused          |       |       |       |       |     3 |       |     6 |     3 ||    12
       Petrifying        |       |       |       |       |     1 |       |       |       ||     1
  Eat: Chunk             |     2 |     4 |    11 |    10 |    22 |    13 |    21 |    10 ||    93
       Ration            |       |       |     2 |     3 |     8 |     8 |     3 |     8 ||    32
Armor: Leather armour    |    21 |    30 |       |       |       |       |       |       ||    51
       Ring mail         |       |     3 |   122 |    10 |    24 |       |       |       ||   159
       Scale mail        |       |       |       |   115 |       |       |       |       ||   115
       Acid dragon scale |       |       |       |    13 |    87 |       |       |       ||   100
       Troll leather arm |       |       |       |     9 |       |       |       |       ||     9
       Chain mail        |       |       |       |       |   349 |  1033 |   619 |   540 ||  2541
Dodge: Dodged            |    92 |   119 |   359 |   455 |   902 |  1612 |  1004 |   989 ||  5532
       Rpst.: Scimitar   |       |       |       |    28 |    20 |    36 |     1 |       ||    85
       Eudemon blade     |       |       |       |       |       |       |       |     1 ||     1
